 Dungeon Crawl Stone Soup version 0.20.1-1-g8b1a95d (webtiles) character file.

1253 gungr the Transmogrifier (level 8, -6/51 HPs)
             Began as an Octopode Transmuter on Oct 30, 2017.
             Mangled by Prince Ribbit (10 damage)
             ... on level 6 of the Dungeon.
             The game lasted 00:17:38 (6087 turns).

gungr the Transmogrifier (Octopode Transmuter)      Turns: 6087, Time: 00:17:40

Health: -6/51      AC:  2    Str: 12    XL:     8   Next: 51%
Magic:  9/20       EV: 14    Int: 18    God:
Gold:   256        SH:  0    Dex: 14    Spells: 1/12 levels left

rFire    . . .     SeeInvis .     - Unarmed
rCold    . . .     Gourm    .   (shield currently unavailable)
rNeg     . . .     Faith    .   (helmet restricted)
rPois    .         Spirit   .   (no amulet)
rElec    .         Reflect  .   j - +3 ring of strength
rCorr    .         Harm     .   l - ring of wizardry
MR       +....                  t - ring of magical power
Stlth    ++........             v - ring of protection from magic
Regen    0.2/turn               (no ring)
MPRegen  0.2/turn               (no ring)
                                (no ring)
                                (no ring)

@: blade tentacles, very slightly contaminated
A: almost no armour, stealthy swim, amphibious, 8 rings, constrict 8, rugged
brown scales 1, camouflage 1, agile 1, gelatinous body 1
a: End Transformation


You were on level 6 of the Dungeon.
You were hungry.
You had blades for tentacles.
You visited 1 branch of the dungeon, and saw 6 of its levels.

You collected 256 gold pieces.

Inventory:

Missiles
 a - 17 arrows
Jewellery
 j - a +3 ring of strength (left scythe-like blade)
 l - a ring of wizardry (right scythe-like blade)
 t - a ring of magical power (on tentacle)
 v - a ring of protection from magic (on tentacle)
Wands
 r - a wand of polymorph (23/24)
 w - a wand of iceblast (7/15)
Scrolls
 e - a scroll of recharging
 g - a scroll of remove curse
 h - a scroll of noise {unknown}
 m - 3 scrolls of identify
 q - a scroll of teleportation {unknown}
 s - a scroll of enchant weapon {unknown}
 u - a scroll of fog {unknown}
Potions
 o - a potion of flight {unknown}
Books
 b - a book of Changes

   Spells                             Type                      Level
   a - Beastly Appendage              Transmutation                1
   b - Sticks to Snakes               Transmutation                2
   c - Spider Form                    Transmutation/Poison         3
   d - Ice Form                       Ice/Transmutation            4
   e - Blade Hands                    Transmutation                5
 p - a book of Cantrips

   Spells                             Type                      Level
   a - Confusing Touch                Hexes                        1
   b - Animate Skeleton               Necromancy                   1
   c - Summon Small Mammal            Summoning                    1
   d - Apportation                    Translocation                1
Comestibles
 f - a royal jelly
 i - 6 fruits
 k - 2 bread rations


   Skills:
 + Level 1.8 Fighting
 + Level 2.4 Dodging
 * Level 5.6 Unarmed Combat
 + Level 2.6 Spellcasting
 + Level 8.4 Transmutations


You had one spell level left.
You knew the following spells:

 Your Spells              Type           Power        Failure   Level  Hunger
a - Beastly Appendage     Tmut           ####..       4%          1    #......
b - Sticks to Snakes      Tmut           ####....     6%          2    ##.....
c - Spider Form           Tmut/Pois      ###.......   19%         3    ###....
d - Blade Hands           Tmut           ####......   26%         5    ######.


Dungeon Overview and Level Annotations

Branches:
Dungeon (6/15)
 Temple: D:4-7

Altars:
Makhleb

Annotations:
D:4 Menkaure
D:5 Jazqa's ghost, novice NaFi
D:6 Prince Ribbit


Innate Abilities, Weirdness & Mutations

You cannot wear most types of armour.
You are very stealthy in the water. (Stealth+)
You are amphibious.
You can wear up to eight rings at the same time.
You can use your tentacles to constrict eight enemies at once.
Your skin changes colour to match your surroundings (Stealth+).
Your rubbery body absorbs attacks. (AC +1, EV +1)
You are partially covered in rugged brown scales. (AC +1, +3% HP)
You are agile. (Dex +2)


Message History

The bullfrog skeleton is heavily damaged.
You constrict the bullfrog skeleton.
Prince Ribbit says, "You're just another fly to me."
The crimson imp closely misses you. The bullfrog skeleton hits you!
* * * LOW HITPOINT WARNING * * *
Prince Ribbit misses you.
You slash Prince Ribbit! You grab Prince Ribbit.
Prince Ribbit is moderately wounded.
You constrict the bullfrog skeleton. You constrict Prince Ribbit.
The crimson imp blinks!
The bullfrog skeleton barely misses you.
Prince Ribbit hits you.
* * * LOW HITPOINT WARNING * * *
It was a potion of mutation.
You feel extremely strange.
Rugged brown scales grow over part of your body.
You feel agile.
You constrict the bullfrog skeleton. You constrict Prince Ribbit.
The bullfrog skeleton barely misses you.
Prince Ribbit hits you!
You die...

.... .......
...........
........... ..#§....
#...... ##....#
###....#
####Ohg...##
##.@Zgg#....## ##
#5..§F###......##...
##....Z.............
####.............#
####.....≈≈.≈.#
########...≈≈≈≈≈≈#
#...........≈≈≈≈.#
#...........≈≈≈≈.#
#..#######...PPP.#


You could see Prince Ribbit, an ogre, a hound, 3 gnolls, a crimson imp, a
leopard gecko zombie and a bullfrog skeleton.

Vanquished Creatures
  An ogre (D:6)
  A centaur (D:5)
  2 bullfrogs (D:6)
  A scorpion (D:4)
  A bullfrog zombie (D:6)
  A bullfrog skeleton (D:6)
  An orc priest (D:4)
  A hound (D:4)
  Crazy Yiuf (D:3)
  An iguana (D:4)
  2 orc wizards
  Natasha (twice) (D:4)
  2 worker ants (D:4)
  3 hound zombies (D:6)
  A mummy (D:4)
  2 worker ant zombies (D:6)
  8 gnolls
  5 adders
  A shadow imp (D:5)
  3 oozes
  7 dart slugs
  10 orcs
  3 ball pythons
  9 bats
  3 giant cockroaches
  4 hobgoblins
  8 jackals
  2 quokkas
  3 frilled lizards
  5 goblins
  6 kobolds
  A leopard gecko skeleton (D:4)
  15 rats
116 creatures vanquished.

Vanquished Creatures (collateral kills)
  A troll (D:6)
  An ogre (D:4)
  9 gnolls
  An ooze (D:2)
  2 orcs
14 creatures vanquished.

Vanquished Creatures (others)
  3 plants (D:4)
3 creatures vanquished.

Grand Total: 133 creatures vanquished

Notes
Turn   | Place    | Note
-------+----------+-------------------------------------------
     0 | D:1      | gungr the Octopode Transmuter began the quest for the Orb.
     0 | D:1      | Reached XP level 1. HP: 13/13 MP: 3/3
   500 | D:1      | Reached XP level 2. HP: 16/18 MP: 5/5
   982 | D:1      | Reached XP level 3. HP: 20/23 MP: 6/6
  1549 | D:2      | Learned a level 2 spell: Sticks to Snakes
  1594 | D:2      | Reached XP level 4. HP: 25/28 MP: 1/7
  1852 | D:2      | Reached skill level 5 in Unarmed Combat
  2944 | D:3      | Reached skill level 3 in Transmutations
  2944 | D:3      | Reached XP level 5. HP: 28/33 MP: 5/8
  3063 | D:3      | Learned a level 3 spell: Spider Form
  3163 | D:3      | Found a runed door.
  3167 | D:3      | Noticed Crazy Yiuf
  3176 | D:3      | Killed Crazy Yiuf
  3275 | D:4      | Noticed Natasha
  3380 | D:4      | Reached skill level 4 in Transmutations
  3569 | D:4      | Reached XP level 6. HP: 32/38 MP: 9/9
  3652 | D:4      | Reached skill level 5 in Transmutations
  4086 | D:4      | Reached skill level 6 in Transmutations
  4094 | D:4      | Reached XP level 7. HP: 28/43 MP: 10/10
  4160 | D:4      | Noticed Menkaure
  4224 | D:4      | Killed Natasha
  4269 | D:4      | Noticed Natasha
  4279 | D:4      | Killed Natasha
  4434 | D:5      | Entered Level 5 of the Dungeon
  4434 | D:5      | Noticed Jazqa's ghost (novice NaFi)
  5190 | D:6      | Reached skill level 7 in Transmutations
  5315 | D:6      | Noticed a troll
  5449 | D:5      | Found a burning altar of Makhleb.
  5606 | D:6      | Noticed Prince Ribbit
  5614 | D:5      | HP: 2/43 [sky beast (5)]
  5647 | D:6      | Killed a troll
  5647 | D:6      | Reached skill level 8 in Transmutations
  5647 | D:6      | Reached XP level 8. HP: 22/48 MP: 6/11
  5885 | D:6      | Learned a level 5 spell: Blade Hands
  6072 | D:6      | HP: 1/49 [bullfrog skeleton (4)]
  6087 | D:6      | Gained mutation: You are partially covered in rugged brown scales. (AC +1, +3% HP) [potion of mutation]
  6087 | D:6      | Gained mutation: You are agile. (Dex +2) [potion of mutation]
  6087 | D:6      | Mangled by Prince Ribbit

Skill      XL: |  1  2  3  4  5  6  7 |
---------------+----------------------+-----
Unarmed Combat | 4 5 |  5.6
Transmutations | 3 4 6 8 |  8.4
Fighting       | |  1.8
Dodging        | |  2.4
Spellcasting   | |  2.6

Action                   |  1- 3 |  4- 6 |  7- 9 || total
-------------------------+-------+-------+-------++-------
Melee: Unarmed           |    86 |   127 |   117 ||   330
       Constrict         |    20 |    24 |    14 ||    58
       Tentacles         |    14 |    19 |     7 ||    40
       Punch             |     4 |     5 |     1 ||    10
 Cast: Sticks to Snakes  |     2 |    11 |    33 ||    46
       Beastly Appendage |     1 |       |       ||     1
       Spider Form       |       |     7 |     9 ||    16
       Blade Hands       |       |       |     3 ||     3
  Use: Potion            |       |     1 |     6 ||     7
       Scroll            |       |     1 |     1 ||     2
 Stab: Sleeping          |     4 |     6 |     1 ||    11
       Distracted        |       |       |     1 ||     1
  Eat: Bread ration      |     1 |     1 |     1 ||     3
       Royal jelly       |       |     2 |       ||     2
       Meat ration       |       |       |     1 ||     1
Armor: Skin              |     5 |     8 |     3 ||    16
Dodge: Dodged            |    42 |    78 |    99 ||   219
